 Dungeon Crawl Stone Soup version 0.18-a0-717-g59c076b (webtiles) character file.

253 Mindmaker the Insei (level 5, -6/41 HPs)
             Began as a Draconian Transmuter on Dec 8, 2015.
             Was a Follower of Cheibriados.
             Mangled by an ice beast (13 damage)
             ... on level 5 of the Dungeon.
             The game lasted 00:17:52 (3923 turns).

Mindmaker the Insei (Draconian Transmuter)          Turns: 3923, Time: 00:17:52

Health: -6/41      AC:  6    Str: 14    XL:     5   Next: 90%
Magic:  2/8        EV: 14    Int: 16    God:    Cheibriados [*.....]
Gold:   73         SH:  0    Dex: 14    Spells: 3 memorised, 2 levels left

rFire  . . .     SeeInvis .       - Unarmed
rCold  . . .     Clarity  .     (armour unavailable)
rNeg   . . .     SustAt   .     (no shield)
rPois  .         Gourm    .     (helmet restricted)
rElec  .         Spirit   .     (no cloak)
rCorr  .         Dismiss  .     y - +0 pair of gloves
rMut   .         Stasis   .     (no boots)
MR     .....                    w - amulet of faith
Stlth  +.........               (no ring)
                                (no ring)

@: appendage (expiring), very slightly contaminated, very slow, not resistant to
hostile enchantments, very unstealthy
A: unfitting armour, horns 2, cold-blooded, AC +5
a: End Transformation, Bend Time, Renounce Religion


You were on level 5 of the Dungeon.
You worshipped Cheibriados.
Cheibriados was aware of your devotion.
You were hungry.
You had grown temporary horns.
You visited 2 branches of the dungeon, and saw 6 of its levels.

You collected 295 gold pieces.
You spent 222 gold pieces at shops.

Inventory:

Missiles
 a - 39 arrows
Armour
 y - a +0 pair of gloves (worn)
Jewellery
 w - an amulet of faith (around neck)
Scrolls
 d - 3 scrolls of remove curse {unknown}
 j - a scroll of recharging {unknown}
 l - 3 scrolls of fear {unknown}
 q - a scroll of noise {unknown}
 s - 3 scrolls of enchant weapon {unknown}
 t - a scroll of immolation {unknown}
 v - 5 scrolls of teleportation
 x - a scroll of amnesia {unknown}
 A - 2 scrolls of fog
 B - 2 scrolls of blinking
Potions
 e - a potion of ambrosia
 g - a potion of curing
 h - 3 potions of lignification {unknown}
 i - 2 potions of mutation {unknown}
 k - a potion of invisibility
 m - 3 potions of berserk rage {unknown}
 n - a potion of haste
 o - a potion of agility
 p - 2 potions of flight
 C - a potion of resistance {unknown}
 D - a potion of poison {unknown}
 E - a potion of brilliance {unknown}
 G - a potion of degeneration {unknown}
Books
 b - a book of Changes

   Spells                             Type                      Level
   a - Beastly Appendage              Transmutation                1
   b - Sticks to Snakes               Transmutation                2
   c - Spider Form                    Transmutation/Poison         3
   d - Ice Form                       Ice/Transmutation            4
   e - Blade Hands                    Transmutation                5
 F - a book of Frost

   Spells                             Type                      Level
   a - Freeze                         Ice                          1
   b - Throw Frost                    Conjuration/Ice              2
   c - Ozocubu's Armour               Charms/Ice                   3
   d - Throw Icicle                   Conjuration/Ice              4
   e - Summon Ice Beast               Ice/Summoning                4
   f - Condensation Shield            Ice                          4
Comestibles
 c - 5 bread rations
 f - a slice of pizza
 r - 3 meat rations
 u - 3 beef jerkies
 z - 4 fruits
 H - 3 chunks of flesh


   Skills:
 + Level 2.1 Fighting
 - Level 4.0 Dodging
 - Level 5.0 Unarmed Combat
 - Level 2.0 Spellcasting
 - Level 2.0 Transmutations


You had 2 spell levels left.
You knew the following spells:

 Your Spells              Type           Power        Failure   Level  Hunger
a - Beastly Appendage     Trmt           #.....       10%         1    #......
b - Sticks to Snakes      Trmt           #.......     14%         2    ###....
c - Spider Form           Trmt/Pois      #.........   38%         3    ###....


Dungeon Overview and Level Annotations

Branches:
Dungeon (5/15)             Temple (1/1) D:4

Altars:
Ashenzari
Cheibriados
Elyvilon
Gozag
Kikubaaqudgha
Nemelex Xobeh
Okawaru
Qazlal
Ru
Sif Muna
Trog
Vehumet
Yredelemnul
The Shining One

Shops:
D:4 ([(}?


Innate Abilities, Weirdness & Mutations

Your plain brown scales are hard (AC +5).
Your body does not fit into most forms of armour.
You are cold-blooded and may be slowed by cold attacks.
You have a pair of horns on your head.


Message History

* * * LOW HITPOINT WARNING * * *
You punch the ice beast!
The ice beast is heavily wounded.
The ice beast barely misses you. x2
You closely miss the ice beast. You headbutt the ice beast!
The ice beast is almost dead.
The ice beast hits you but does no damage.
You closely miss the ice beast. You headbutt the ice beast.
The ice beast is almost dead.
You feel yourself speed up.
The ice beast hits you but does no damage.
You barely miss the ice beast.
Your tail-slap misses the ice beast.
The ice beast is almost dead.
The ice beast barely misses you.
You hit the ice beast but do no damage.
The ice beast is almost dead.
The ice beast hits you.
* * * LOW HITPOINT WARNING * * *
The ice beast freezes you!
You die...

#..........#+#..# ......
#..........#.#..# ......
#.....)....#Y#..# ......
######)#####.#..# ...
##########.....†# .####
#...............# .# #
#...............# .###...
#...........###.#####.......
#...........# #.@Y..........
'...........# #######.......
#...........# ......o
#...........# #+#####
............# #...........+
#...........# ##.......
######


You could see an ice beast.

Vanquished Creatures
  2 hounds
  An iguana (D:4)
  Ijyb (D:2)
  An orc wizard (D:5)
  3 adders
  A shadow imp (D:3)
  An ooze (D:1)
  3 worms
  2 giant geckos
  9 orcs
  3 giant cockroaches (D:3)
  4 goblins
  3 hobgoblins
  4 jackals (D:5)
  8 kobolds
  4 bats
  2 giant cockroach zombies (D:5)
  2 giant newts
  13 rats
67 creatures vanquished.

Notes
Turn   | Place    | Note
--------------------------------------------------------------
     0 | D:1      | Mindmaker the Draconian Transmuter began the quest for the Orb.
     0 | D:1      | Reached XP level 1. HP: 16/16 MP: 3/3
   220 | D:1      | Reached XP level 2. HP: 15/23 MP: 3/5
   857 | D:2      | Noticed Ijyb
   872 | D:2      | Killed Ijyb
   872 | D:2      | Reached skill level 4 in Unarmed Combat
   872 | D:2      | Reached XP level 3. HP: 20/28 MP: 4/6
   983 | D:2      | Learned a level 2 spell: Sticks to Snakes
  1000 | D:2      | Learned a level 3 spell: Spider Form
  1343 | D:2      | Reached XP level 4. HP: 35/35 MP: 5/7
  1608 | D:2      | Reached skill level 5 in Unarmed Combat
  2556 | D:4      | Found a staircase to the Ecumenical Temple.
  2560 | Temple   | Entered the Ecumenical Temple
  2712 | Temple   | Became a worshipper of Cheibriados the Contemplative
  2776 | D:4      | Found Car Goal's Antique Weapon Boutique.
  2793 | D:4      | Found Lulorox's Antique Weapon Shop.
  2818 | D:4      | Found Elomyvi's Antique Armour Shoppe.
  2851 | D:4      | Found Agitz's Magic Scroll Boutique.
  2854 | D:4      | Found Sots's Gadget Shoppe.
  2859 | D:4      | Bought a scroll of identify for 24 gold pieces
  2859 | D:4      | Bought a scroll of fog for 24 gold pieces
  2859 | D:4      | Bought a scroll of teleportation for 36 gold pieces
  2859 | D:4      | Bought a scroll of identify for 24 gold pieces
  2859 | D:4      | Bought a scroll of blinking for 90 gold pieces
  2859 | D:4      | Bought a scroll of identify for 24 gold pieces
  2892 | D:4      | Found a shattered altar of Ashenzari.
  2899 | D:4      | Found a white marble altar of Elyvilon.
  3002 | D:4      | Reached XP level 5. HP: 5/40 MP: 6/8
  3670 | D:5      | Entered Level 5 of the Dungeon
  3867 | D:5      | Reached * piety under Cheibriados
  3904 | D:5      | Noticed an ice beast
  3923 | D:5      | Mangled by an ice beast

Vault maps used:
D:1:      dpeg_arrival_shelter
D:2:      minmay_parallelograms, uniq_iyjb
D:3:      first_bread
D:4:      lemuel_crystal_altar, nicolae_overflow_crystal_walls,
          temple_hall_moat, serial_shops, shop, nicolae_shop_overgrown_old_shop,
          shop_fountains, shop_scrolls, nicolae_shop_crystal,
          grunt_decor_arrowhead, kennysheep_cross_room
Temple:   circular_temple_pool_12

Action                   |  1- 3 |  4- 6 || total
-------------------------+-------+-------++-------
Melee: Unarmed           |   113 |   159 ||   272
 Cast: Beastly Appendage |    20 |    19 ||    39
       Sticks to Snakes  |     2 |       ||     2
       Spider Form       |       |     1 ||     1
  Use: Scroll            |       |     6 ||     6
 Stab: Sleeping          |     2 |     2 ||     4
  Eat: Chunk             |     2 |     9 ||    11
